 Dungeon Crawl Stone Soup version 0.31-a0-609-g7bf6ffcfed (webtiles) character file.

Game seed: 16717159583048827973

160 cforsyth the Charlatan (level 5, -3/41 HPs)
             Began as a Gnoll Artificer on Aug 21, 2023.
             Succumbed to an orc wizard's poison
             ... on level 2 of the Dungeon.
             The game lasted 00:04:18 (2877 turns).

cforsyth the Charlatan (Gnoll Artificer)            Turns: 2877, Time: 00:04:19

Health: -3/41      AC:  4    Str: 12    XL:     5   Next: 41%
Magic:  7/7        EV: 12    Int: 12    God:
Gold:   74         SH:  0    Dex: 12    Spells: 7/7 levels left

rFire   . . .        a - +0 club
rCold   . . .        (no shield)
rNeg    . . .        b - +0 leather armour
rPois   .            f - +0 helmet
rElec   .            h - scarf {repulsion}
rCorr   .            (no gloves)
SInv    .            (no boots)
Will    .....        (no amulet)
Stlth   ++           (no ring)
HPRegen 0.26/turn    (no ring)
MPRegen 0.10/turn

%: repel missiles
@: lethally poisoned (-3 -> -26)
A: fangs 1, strong nose, distributed training
a: no special abilities


You were on level 2 of the Dungeon.
You visited 1 branch of the dungeon, and saw 3 of its levels.

You collected 74 gold pieces.

Inventory:

Hand Weapons
 a - a +0 club (weapon)
Armour
 b - a +0 leather armour (worn)
 f - a +0 helmet (worn)
 h - a scarf of repulsion (worn)
Wands
 c - a wand of flame (1) (quivered)
 d - a wand of charming (15)
 e - a wand of iceblast (5)
 q - a wand of paralysis (15)
Scrolls
 g - a scroll of enchant armour {unknown}
 k - a scroll of enchant weapon {unknown}
 m - 4 scrolls of identify {unknown}
 o - 2 scrolls of blinking {unknown}
 s - a scroll of amnesia {unknown}
Potions
 i - a potion of degeneration {unknown}
 j - 2 potions of invisibility {unknown}
 l - a potion of berserk rage {unknown}
 n - a potion of magic {unknown}
 p - 2 potions of might {unknown}
 r - a potion of heal wounds {unknown}


   Skills:
 + Level 3.0 Fighting
 + Level 1.5 Short Blades
 + Level 1.5 Long Blades
 + Level 1.5 Axes
 + Level 1.5 Maces & Flails
 + Level 1.5 Polearms
 + Level 1.5 Staves
 + Level 1.5 Ranged Weapons
 + Level 1.5 Throwing
 + Level 4.8 Armour
 + Level 3.0 Dodging
 + Level 2.8 Stealth
 + Level 1.5 Shields
 + Level 1.5 Unarmed Combat
 + Level 1.5 Spellcasting
 + Level 1.2 Conjurations
 + Level 1.2 Hexes
 + Level 1.2 Summonings
 + Level 1.2 Necromancy
 + Level 1.2 Translocations
 + Level 1.2 Transmutations
 + Level 1.2 Fire Magic
 + Level 1.2 Ice Magic
 + Level 1.2 Air Magic
 + Level 1.2 Earth Magic
 + Level 1.2 Poison Magic
 + Level 1.7 Invocations
 + Level 6.7 Evocations
 + Level 1.2 Shapeshifting


You had 7 spell levels left.
You didn't know any spells.
Your spell library contained the following spells:

 Spells                   Type           Power      Damage    Failure   Level
 Ozocubu's Armour         Ice            3%         N/A       54%         3
 Metabolic Englaciation   Hex/Ice        1%         N/A       99%         5
 Simulacrum               Ice/Necr       1%         N/A       100%        6


Dungeon Overview and Level Annotations

Branches:
Dungeon (3/15)

Altars:


Innate Abilities, Weirdness & Mutations

You have very sharp teeth.
Your uncanny sense of smell can sniff out nearby items.
Your experience applies equally to all skills.


Message History

The orc is severely wounded.
The orc hits you with a +0 hand axe of freezing.
The orc freezes you.
An orc comes into view. It is wielding a +0 club.
You closely miss the orc.
The orc is severely wounded.
You hit the orc.
The orc is severely wounded.
You hit the orc.
The orc is severely wounded.
The orc hits you with a +0 short sword.
You hit the orc.
You kill the orc!
You closely miss the orc.
The orc is severely wounded.
The orc wizard points at you and mumbles some strange words.
You resist with some effort. The orc barely misses you.
You closely miss the orc.
The orc is severely wounded.
The orc wizard closely misses you. The orc hits you but does no damage.
You hit the orc.
You kill the orc!
The orc wizard hits you with a +2 dagger of venom.
You are poisoned.
The orc hits you with a +0 short sword.
The orc wizard hits you with a +2 dagger of venom.
You are more poisoned.
You feel very sick.
The orc wizard hits you with a +2 dagger of venom.
There is a stone staircase leading up here.
* * * LOW HITPOINT WARNING * * *
You feel very sick. The orc hits you with a +0 short sword.
* * * LOW HITPOINT WARNING * * *
The orc wizard hits you with a +2 dagger of venom.
* * * LOW HITPOINT WARNING * * *
You are more poisoned.
The orc hits you but does no damage.
You climb upwards.
You die...

##.## #.#....#.#.##.#.###.# #...#
#.#.#.###..##.#.# #.. #.#.#
#....## ##......# #.# #...#
#..##.###..##.#+###.# ##.####
#..##..#...##....##.. #....#
#..####.#####.....#.. ##.##.#
#.......# ##.........
##...#.#######.#.o.####.........#
...............o@.....'.........+
##...#.#######.#o..####.........#
##.##.# #...#.## ##.......##
####.# #...### ##.....## #.#
#...# ##...## #.# ##.## ##'## #.#
#.# #.# ######.# #.#
##########.##### .....>.#
##.###..............#


You could see an orc wizard and 2 orcs.

Vanquished Creatures
  Jessica (D:2)
  2 orc wizards
  A gnoll (D:1)
  2 adders
  A worm (D:2)
  4 orcs
  5 endoplasms
  A giant cockroach (D:2)
  4 goblins
  6 hobgoblins
  5 kobolds
  2 quokkas (D:2)
  5 ball pythons
  10 bats
  A frilled lizard (D:2)
  3 rats (D:2)
53 creatures vanquished.

Notes
Turn   | Place    | Note
-------+----------+-------------------------------------------
     0 | D:1      | cforsyth the Gnoll Artificer began the quest for the Orb.
     0 | D:1      | Reached XP level 1. HP: 17/17 MP: 1/1
   138 | D:1      | Reached XP level 2. HP: 23/23 MP: 2/2
   779 | D:2      | Reached XP level 3. HP: 22/28 MP: 3/3
  1086 | D:2      | Noticed Jessica
  1088 | D:2      | Killed Jessica
  1089 | D:2      | Reached skill level 1 in Short Blades
  1089 | D:2      | Reached skill level 1 in Long Blades
  1089 | D:2      | Reached skill level 1 in Axes
  1089 | D:2      | Reached skill level 1 in Maces & Flails
  1089 | D:2      | Reached skill level 1 in Polearms
  1089 | D:2      | Reached skill level 1 in Staves
  1089 | D:2      | Reached skill level 1 in Ranged Weapons
  1089 | D:2      | Reached skill level 1 in Throwing
  1089 | D:2      | Reached skill level 1 in Shields
  1089 | D:2      | Reached skill level 1 in Unarmed Combat
  1089 | D:2      | Reached skill level 1 in Spellcasting
  1089 | D:2      | Reached skill level 1 in Invocations
  1140 | D:2      | Reached XP level 4. HP: 34/34 MP: 5/5
  2031 | D:1      | Reached skill level 1 in Conjurations
  2031 | D:1      | Reached skill level 1 in Hexes
  2031 | D:1      | Reached skill level 1 in Summonings
  2031 | D:1      | Reached skill level 1 in Necromancy
  2031 | D:1      | Reached skill level 1 in Translocations
  2031 | D:1      | Reached skill level 1 in Transmutations
  2031 | D:1      | Reached skill level 1 in Fire Magic
  2031 | D:1      | Reached skill level 1 in Ice Magic
  2031 | D:1      | Reached skill level 1 in Air Magic
  2031 | D:1      | Reached skill level 1 in Earth Magic
  2031 | D:1      | Reached skill level 1 in Poison Magic
  2031 | D:1      | Reached skill level 1 in Shapeshifting
  2297 | D:2      | Reached XP level 5. HP: 16/40 MP: 5/7
  2877 | D:2      | Succumbed to an orc wizard's poison

Illustrated notes

Levels and vault maps discovered:
D:1:      roderic_dead_forest, layout_loops_ring
D:2:      layout_loops_corners, palyth_stone_intersect,
          kennysheep_cluttered_room, feat_on_display, uniq_jessica
D:3:      layout_basic, overflow_temple_1_default

Skill      XL: |  1  2  3  4  5 |
---------------+----------------+-----
Short Blades   | 1 |  1.5
Long Blades    | 1 |  1.5
Axes           | 1 |  1.5
Maces & Flails | 1 |  1.5
Polearms       | 1 |  1.5
Staves         | 1 |  1.5
Ranged Weapons | 1 |  1.5
Throwing       | 1 |  1.5
Shields        | 1 |  1.5
Unarmed Combat | 1 |  1.5
Spellcasting   | 1 |  1.5
Invocations    | 1 |  1.7
Conjurations   | 1 |  1.2
Hexes          | 1 |  1.2
Summonings     | 1 |  1.2
Necromancy     | 1 |  1.2
Translocations | 1 |  1.2
Transmutations | 1 |  1.2
Fire Magic     | 1 |  1.2
Ice Magic      | 1 |  1.2
Air Magic      | 1 |  1.2
Earth Magic    | 1 |  1.2
Poison Magic   | 1 |  1.2
Shapeshifting  | 1 |  1.2
Fighting       | 3 |  3.0
Dodging        | 3 |  3.0
Armour         | |  4.8
Stealth        | |  2.8
Evocations     | |  6.7

Action                     |  1- 3 |  4- 6 || total
---------------------------+-------+-------++-------
  Melee: Club              |   109 |   115 ||   224
         Bite              |     7 |    10 ||    17
         Punch             |     2 |     1 ||     3
  Evoke: Wand              |     2 |    12 ||    14
   Stab: Sleeping          |     5 |     3 ||     8
 Armour: Leather armour    |    49 |    36 ||    85
  Dodge: Dodged            |   106 |    66 ||   172
         Repelled          |       |     1 ||     1

Table legend: (Time is in decaauts)
 A = Elapsed time spent in this place.
 B = Non-inter-level travel time spent in this place.
 C = Inter-level travel time spent in this place.
 D = Time resting spent in this place.
 E = Time spent auto-exploring this place.
 F = Levels seen in this place.
 G = Mean time per level.
                   A        B        C        D        E       F      G
               +--------+--------+--------+--------+--------+-----+--------+
         Total |   2942 |   2782 |    160 |    517 |   1642 |   3 |  980.7 |
       Dungeon |   2942 |   2782 |    160 |    517 |   1642 |   3 |  980.7 |
               +--------+--------+--------+--------+--------+-----+--------+

Top non-repeatable levels by time:
     D:2: 1810 daAuts
     D:1: 835 daAuts
     D:3: 296 daAuts
